 Dungeon Crawl Stone Soup version 0.24-a0-282-g1a68c91 (webtiles) character file.

Game seed: 13784617930387173289

249754 Gorice the Fighter (level 19, 0/153 HPs)
             Began as a Gnoll Wanderer on May 1, 2019.
             Was a High Priest of Okawaru.
             Slain by a rakshasa (illusionary)
             ... wielding a +0 whip
              (7 damage)
             ... on level 1 of the Vaults on May 3, 2019.
             The game lasted 03:50:24 (54187 turns).

Gorice the Fighter (Gnoll Wanderer)                Turns: 54187, Time: 03:50:24

Health: 0/153      AC: 33    Str: 19    XL:     19   Next: 61%
Magic:  0/35       EV: 12    Int: 21    God:    Okawaru [*****.]
Gold:   1564       SH:  0    Dex: 12    Spells: 38/43 levels left

rFire    + . .     SeeInvis +   a - +1 double sword of Xytopn {pain, rElec rC+ SInv}
rCold    + + +     Gourm    .   (no shield)
rNeg     . . .     Faith    .   p - +0 gold dragon scales
rPois    +         Spirit   +   h - +2 hat
rElec    +         Reflect  .   s - scarf {Spirit}
rCorr    .         Harm     .   z - +1 pair of gloves
MR       +....                  D - +2 pair of boots
Stlth    ..........             M - amulet "Ifuczuva" {RegenMP rC++}
HPRegen  0.35/turn              e - +4 ring of evasion
MPRegen  0.49/turn              Y - +6 ring of protection

@: marked
A: distributed training, fangs 1, strong nose
}: 2/15 runes: decaying, gossamer
a: Heroism, Finesse, Renounce Religion


You were on level 1 of the Vaults.
You worshipped Okawaru.
Okawaru was extremely pleased with you.
You were near starving.

You visited 7 branches of the dungeon, and saw 34 of its levels.
You visited the Abyss 1 time.
You visited 1 bazaar.
You also visited: Gauntlet and Ice Cave.

You collected 3682 gold pieces.
You spent 2118 gold pieces at shops.

Inventory:

Hand Weapons
 a - the +1 double sword of Xytopn (weapon) {pain, rElec rC+ SInv}
   (You acquired it on level 1 of the Lair of Beasts)

   In the hands of one skilled in necromantic magic, it inflicts extra damage on
   living creatures.
   It protects you from cold.
   It insulates you from electricity.
   It lets you see invisible.
 b - a +5 great sword of freezing
   (You took it off a wight on level 6 of the Dungeon)
Missiles
 y - 35 tomahawks
 O - 13 javelins (quivered)
Armour
 h - a +2 hat (worn)
 p - +0 gold dragon scales (worn)
 s - a scarf of spirit shield (worn)
   (You found it on level 3 of the Dungeon)
 z - a +1 pair of gloves (worn)
 D - a +2 pair of boots (worn)
Jewellery
 e - a +4 ring of evasion (left hand)
 C - an uncursed ring of resist corrosion
 F - the ring "Tuipad" {+Fly rN++ Dex-2 Stlth+}
   (You found it in a Gauntlet)

   [ring of flight]

   It affects your dexterity (-2).
   It greatly protects you from negative energy.
   It lets you fly.
   It makes you more stealthy.
 M - the amulet "Ifuczuva" (around neck) {RegenMP rC++}
   (You found it in a Gauntlet)

   [amulet of magic regeneration]

   It increases your magic regeneration.
   It greatly protects you from cold.
 Y - a +6 ring of protection (right hand)
Wands
 w - a wand of paralysis (2)
 G - a wand of digging (6)
 I - a wand of enslavement (5)
 J - a wand of disintegration (6)
 K - a wand of iceblast (52)
 L - a wand of acid (24)
Scrolls
 t - 9 scrolls of teleportation {!r}
 u - 15 scrolls of remove curse
 v - 2 scrolls of identify
 E - a scroll of blinking
 H - a scroll of summoning {!r}
 T - 3 scrolls of fog
 W - 3 scrolls of magic mapping {!r}
Potions
 g - 3 potions of berserk rage
 i - 3 potions of agility {!q}
 j - 6 potions of resistance {!q}
 k - 6 potions of might {!q}
 l - 2 potions of invisibility {!q}
 m - 14 potions of curing
 n - 3 potions of heal wounds {!q}
 r - 5 potions of cancellation {!q}
 x - 4 potions of haste {!q}
 Q - 3 potions of ambrosia
Miscellaneous
 R - a sack of spiders
Comestibles
 f - 55 rations


   Skills:
 + Level 14.7 Fighting
 + Level 12.7 Short Blades
 + Level 12.7 Long Blades
 + Level 13.4 Axes
 + Level 12.7 Maces & Flails
 + Level 12.7 Polearms
 + Level 12.7 Staves
 + Level 12.7 Slings
 + Level 12.7 Bows
 + Level 12.9 Crossbows
 + Level 12.9 Throwing
 + Level 12.9 Armour
 + Level 12.7 Dodging
 + Level 12.7 Stealth
 + Level 12.9 Shields
 + Level 12.7 Unarmed Combat
 + Level 12.7 Spellcasting
 + Level 10.9 Conjurations
 + Level 10.9 Hexes
 + Level 10.9 Charms
 + Level 10.9 Summonings
 + Level 10.9 Necromancy
 + Level 10.9 Translocations
 + Level 10.9 Transmutations
 + Level 10.9 Fire Magic
 + Level 10.9 Ice Magic
 + Level 10.9 Air Magic
 + Level 10.9 Earth Magic
 + Level 10.9 Poison Magic
 + Level 13.7 Invocations
 + Level 12.7 Evocations


You had 38 spell levels left.
You knew the following spells:

 Your Spells              Type           Power        Failure   Level  Hunger
p - Portal Projectile     Hex/Tloc       ######       14%         3    None
J - Blink                 Tloc           N/A          7%          2    None

Your spell library contained the following spells:

 Spells                   Type           Power        Failure   Level  Hunger
 Magic Dart               Conj           ####         4%          1    None
 Sandblast                Erth           ######       4%          1    None
 Passwall                 Tmut/Erth      ######..     7%          2    None
 Poisonous Vapours        Pois/Air       ######       7%          2    None
 Searing Ray              Conj           ######       7%          2    None
 Shroud of Golubria       Chrm/Tloc      ######....   7%          2    None
 Conjure Flame            Conj/Fire      ######..     14%         3    None
 Dazzling Spray           Conj/Hex       ######       14%         3    None
 Gell's Gravitas          Tloc           ######....   14%         3    None
 Lesser Beckoning         Tloc           ######....   14%         3    None
 Mephitic Cloud           Conj/Pois/Air  ######..     14%         3    None
 Recall                   Summ/Tloc      N/A          14%         3    None
 Stone Arrow              Conj/Erth      ######       14%         3    None
 Teleport Other           Tloc           ######..     14%         3    None
 Force Lance              Conj/Tloc      ######..     43%         4    None
 Fulminant Prism          Conj/Hex       ######....   43%         4    None
 Ice Form                 Ice/Tmut       ######..     43%         4    None
 Iskenderun's Mystic Bla  Conj           ######..     43%         4    None
 Passage of Golubria      Tloc           N/A          43%         4    None
 Petrify                  Tmut/Erth      ######..     43%         4    None
 Aura of Abjuration       Summ           ######....   78%         5    ####...
 Irradiate                Conj/Tmut      ######....   78%         5    ####...
 Lee's Rapid Deconstruct  Erth           ######....   78%         5    ####...
 Metabolic Englaciation   Hex/Ice        ######....   78%         5    ####...
 Summon Demon             Summ           ######....   78%         5    ####...
 Summon Forest            Summ/Tloc      ######....   78%         5    ####...
 Summon Mana Viper        Hex/Summ       ######..     78%         5    ####...
 Bolt of Cold             Conj/Ice       ######....   100%        6    #####..
 Dispersal                Tloc           ######....   100%        6    #####..
 Freezing Cloud           Conj/Ice/Air   ######....   100%        6    #####..
 Hydra Form               Tmut           ######....   100%        6    #####..
 Ozocubu's Refrigeration  Ice            ######....   100%        6    #####..
 Shadow Creatures         Summ           N/A          100%        6    #####..
 Simulacrum               Ice/Necr       ######....   100%        6    #####..
 Statue Form              Tmut/Erth      ######...    100%        6    #####..
 Dragon Form              Tmut           ######....   100%        7    #######
 Ring of Flames           Chrm/Fire      ######....   100%        7    #######
 Controlled Blink         Tloc           N/A          100%        8    #######
 Disjunction              Tloc           ######....   100%        8    #######


Dungeon Overview and Level Annotations

Branches:
Dungeon (15/15)            Temple (1/1) D:6            Lair (6/6) D:8
  Swamp (4/4) Lair:2       Spider (4/4) Lair:4        Slime (0/5) Lair:5
    Orc (2/2) D:10            Elf (0/3) Orc:2        Vaults (2/5) D:14
 Depths (0/5) D:15
  Crypt: Vaults:2-3

Altars:
Ashenzari
Cheibriados
Dithmenos
Elyvilon
Fedhas
Gozag
Hepliaklqana
Kikubaaqudgha
Makhleb
Nemelex Xobeh
Okawaru
Qazlal
Ru
Sif Muna
Trog
Uskayaw
Vehumet
Wu Jian
Xom
Yredelemnul
Zin
The Shining One
Beogh
Lugonu

Shops:
D:10 }   D:14 :   Orc:2 [=*(   Vaults:1 (

Annotations:
Swamp:3 1 runed translucent door, Vaxoipno's ghost, adept KoBe
Orc:2 2 transporters, Gorice's ghost, journeyman GnWn


Innate Abilities, Weirdness & Mutations

Your experience applies equally to all skills.
You have very sharp teeth.
Your uncanny sense of smell can sniff out nearby items.


Message History

The harpy screeches!
The harpy barely misses you. The harpy closely misses you.
The harpy claws you but does no damage. The harpy claws you.
* * * LOW HITPOINT WARNING * * *
The rakshasa blinks!
The rakshasa hits you with a +0 whip!
* * * LOW HITPOINT WARNING * * *
The rakshasa blinks!
Damage: 9 (max 9)
The harpy claws you!
* * * LOW HITPOINT WARNING * * *
The harpy barely misses you.
The harpy claws you but does no damage. x2
The rakshasa hits you with a +0 whip.
* * * LOW HITPOINT WARNING * * *
The rakshasa weaves an illusion.
The harpy shimmers and seems to become two!
The harpy barely misses you. The harpy closely misses you.
Damage: 9 (max 9) Unknown command.
Unknown command.
Unknown command.
Really quaff
n - 4 potions of heal wounds {!q}?
You feel much better.
The harpy screeches!
The harpy claws you but does no damage. x2; The harpy misses you.
The harpy barely misses you. The harpy claws you!
* * * LOW HITPOINT WARNING * * *
The harpy claws you but does no damage. The harpy misses you.
The harpy claws you.
* * * LOW HITPOINT WARNING * * *
The rakshasa hits you but does no damage.
The rakshasa blinks! x2
Unknown command.
Unknown command.
Unknown command.
Unknown command.
Unknown command.
Really read
o - a scroll of fear {!r}?
As you read the scroll of fear {!r}, it crumbles to dust.
You assume a fearsome visage.
The rakshasa is unaffected.
The harpy looks frightened!
The rakshasa is unaffected. x2
The harpy looks frightened!
The rakshasa misses you.
Unknown command.
Unknown command.
Unknown command.
Cornered, the harpy turns to fight!
The rakshasa blinks!
Cornered, the harpy turns to fight!
The rakshasa weaves an illusion.
The harpy shimmers and seems to become two!
The rakshasa hits you with a +0 whip!
You die...

#.....# #.....#
#.....# #########
#.....########H......#
#[....#......#.H.....#
#.....#......#...R...#
......#......#..R>...#
......'......#.R.H§..#
......#......'..@....#
......#......#########
......###########
###############.##
#.....#.......'..##
#.....'.......##..##
#.....#.......###.(##
#.....#.......# ##..##
#.....#.......# ##..#


You could see 3 rakshasas and 3 harpies.

Vanquished Creatures
  the Lernaean hydra (Swamp:4)
  Saint Roka (Orc:2)
  Jorgrun (Swamp:2)
  Frances (Swamp:1)
  2 tentacled starspawn (Abyss:3)
  4 thorn hunters
  Donald (Swamp:4)
  Louise (Swamp:1)
  4 ghost moths
  A vault warden (Vaults:1)
  8 emperor scorpions
  A stone giant (Vaults:2)
  3 entropy weavers
  5 ironheart preservers
  A very ugly thing (Swamp:3)
  A minotaur (Gauntlet)
  An ettin (D:15)
  Erolcha (Orc:2)
  4 ice dragons
  2 ogre magi (Vaults:1)
  4 vault guards (D:14)
  25 hydras
  7 centaur warriors
  2 ghost crabs (Swamp:4)
  2 shambling mangroves
  2 catoblepae
  2 death knights (Vaults:1)
  9 alligators
  6 two-headed ogres
  A tengu warrior (D:15)
  An orc high priest (Orc:2)
  A shadow wraith (Vaults:1)
  9 unseen horrors
  2 flayed ghosts (Vaults:1)
  A spriggan druid (Swamp:4)
  An obsidian statue (Gauntlet)
  6 deep trolls
  14 swamp dragons
  2 glowing orange brains (Vaults:1)
  2 ironbrand convokers (Vaults:1)
  3 wizards (Vaults:1)
  7 orc knights
  Pikel (D:5)
  22 orb spiders
  A lindwurm (shapeshifter) (Vaults:1)
  A wolf spider zombie (D:11)
  A phantasmal warrior (Vaults:1)
  20 ugly things
  3 manticores
  21 wolf spiders
  5 orc sorcerers
  A deep elf mage (D:15)
  5 cyclopes
  2 vault sentinels (Vaults:1)
  7 centaur zombies
  A guardian serpent (D:10)
  3 moths of wrath
  8 black mambas
  2 ice statues (IceCv)
  4 torpor snails
  Maurice (Orc:2)
  A gargoyle (D:14)
  8 spiny frogs
  3 rime drakes
  An efreet (Abyss:3)
  4 freezing wraiths
  6 komodo dragons
  4 yaktaurs (Vaults:1)
  2 ice devils (Orc:1)
  11 demonic crawlers
  2 hellwings (D:11)
  7 trolls
  32 jumping spiders
  5 polar bears
  8 tyrant leeches
  40 slime creatures
  11 hornets
  17 blink frogs
  4 raiju (Abyss:3)
  9 bog bodies
  6 dream sheep (Lair:6)
  11 hippogriffs
  10 flying skulls (Gauntlet)
  76 redbacks
  A spriggan (shapeshifter) (Vaults:2)
  3 shadows
  A ynoxinul (Abyss:3)
  13 spriggans
  32 tarantellas
  5 wyverns
  Sigmund (D:6)
  3 wraiths
  30 yaks
  7 humans (D:14)
  5 basilisks
  A wyvern (shapeshifter) (Vaults:1)
  A hungry ghost (D:11)
  11 vampire mosquitoes
  A neqoxec (Abyss:3)
  4 wargs
  9 swamp worms
  12 water moccasins
  21 insubstantial wisps
  2 acid dragons
  10 swamp drakes
  2 large abominations (Abyss:3)
  11 porcupines
  A phantom (D:10)
  2 eyes of draining
  20 ice beasts
  3 sky beasts
  33 orc warriors
  6 black bears
  A hornet zombie (D:11)
  A slave (D:5)
  5 boggarts (Lair:6)
  22 ogres
  21 wolves
  37 centaurs
  17 crocodiles
  3 big kobolds
  22 bullfrogs
  A gnoll sergeant (D:6)
  2 wyvern skeletons
  2 small abominations (Abyss:3)
  6 scorpions
  19 wights
  5 electric eels
  6 howler monkeys
  A quasit (D:12)
  11 crimson imps
  2 bullfrog zombies
  6 hounds
  13 orc priests
  10 jellies
  A bullfrog skeleton (D:13)
  4 centaur skeletons
  Jessica (D:2)
  9 worker ants
  3 iguanas
  17 orc wizards
  A killer bee zombie (D:8)
  A hound zombie (D:9)
  3 hound skeletons
  2 worker ant zombies
  4 gnolls
  11 adders
  5 shadow imps
  5 white imps
  2 adder skeletons (D:5)
  2 worms
  6 leopard geckos
  74 orcs
  2 ball pythons
  5 giant cockroaches
  7 hobgoblins
  6 jackals
  6 quokkas
  10 bats
  6 frilled lizards
  10 goblins
  37 kobolds
  A leopard gecko skeleton (D:5)
  13 rats
  A plant (D:6)
  4 starspawn tentacles (Abyss:3)
1263 creatures vanquished.

Vanquished Creatures (collateral kills)
  A swamp drake (Swamp:4)
1 creature vanquished.

Vanquished Creatures (others)
  A human (D:14)
  A centaur (D:5)
  An orc (D:5)
  2 kobolds (D:6)
  8 briar patches
  3 demonic plants (Gauntlet)
  16 fungi
  20 plants
  3 starspawn tentacles (Abyss:3)
  2 withered plants
57 creatures vanquished.

Grand Total: 1321 creatures vanquished

Notes
Turn   | Place    | Note
-------+----------+-------------------------------------------
     0 | D:1      | Gorice the Gnoll Wanderer began the quest for the Orb.
     0 | D:1      | Gorice set off with the following items: a +2 hand axe, a
                  | potion of lignification {!q}, a scroll of teleportation
                  | {!r}, a +0 robe, a ration
     0 | D:1      | Reached XP level 1. HP: 26/26 MP: 1/1
    94 | D:1      | Reached XP level 2. HP: 22/33 MP: 2/2
   691 | D:2      | Reached XP level 3. HP: 34/38 MP: 3/3
   778 | D:2      | Reached skill level 1 in Invocations
   826 | D:2      | Reached skill level 1 in Short Blades
   826 | D:2      | Reached skill level 1 in Long Blades
   826 | D:2      | Reached skill level 1 in Maces & Flails
   826 | D:2      | Reached skill level 1 in Polearms
   826 | D:2      | Reached skill level 1 in Staves
   826 | D:2      | Reached skill level 1 in Slings
   826 | D:2      | Reached skill level 1 in Bows
   826 | D:2      | Reached skill level 1 in Dodging
   826 | D:2      | Reached skill level 1 in Stealth
   826 | D:2      | Reached skill level 1 in Unarmed Combat
   826 | D:2      | Reached skill level 1 in Spellcasting
   826 | D:2      | Reached skill level 1 in Evocations
   826 | D:2      | Reached XP level 4. HP: 41/45 MP: 5/5
   858 | D:2      | Found an iron altar of Okawaru.
  1213 | D:2      | Found a bloodstained altar of Trog.
  1219 | D:2      | Noticed Jessica
  1225 | D:2      | Killed Jessica
  1225 | D:2      | Reached skill level 1 in Conjurations
  1225 | D:2      | Reached skill level 1 in Hexes
  1225 | D:2      | Reached skill level 1 in Charms
  1225 | D:2      | Reached skill level 1 in Summonings
  1225 | D:2      | Reached skill level 1 in Necromancy
  1225 | D:2      | Reached skill level 1 in Translocations
  1225 | D:2      | Reached skill level 1 in Transmutations
  1225 | D:2      | Reached skill level 1 in Fire Magic
  1225 | D:2      | Reached skill level 1 in Ice Magic
  1225 | D:2      | Reached skill level 1 in Air Magic
  1225 | D:2      | Reached skill level 1 in Earth Magic
  1225 | D:2      | Reached skill level 1 in Poison Magic
  1264 | D:3      | Reached XP level 5. HP: 35/51 MP: 6/6
  1464 | D:3      | Found a snail-covered altar of Cheibriados.
  1498 | D:3      | Noticed a water moccasin
  1521 | D:3      | Killed a water moccasin
  1521 | D:3      | Reached skill level 3 in Crossbows
  1521 | D:3      | Reached skill level 3 in Throwing
  1521 | D:3      | Reached skill level 3 in Armour
  1521 | D:3      | Reached skill level 3 in Shields
  1521 | D:3      | Reached skill level 2 in Invocations
  1521 | D:3      | Reached XP level 6. HP: 21/57 MP: 4/8
  1717 | D:3      | Found a stormy altar of Qazlal.
  1723 | D:3      | Found a blossoming altar of Fedhas.
  2290 | D:4      | Reached skill level 5 in Axes
  2494 | D:5      | Entered Level 5 of the Dungeon
  2509 | D:5      | Reached skill level 2 in Short Blades
  2509 | D:5      | Reached skill level 2 in Long Blades
  2509 | D:5      | Reached skill level 2 in Maces & Flails
  2509 | D:5      | Reached skill level 2 in Polearms
  2509 | D:5      | Reached skill level 2 in Staves
  2509 | D:5      | Reached skill level 2 in Slings
  2509 | D:5      | Reached skill level 2 in Bows
  2509 | D:5      | Reached skill level 2 in Dodging
  2509 | D:5      | Reached skill level 2 in Stealth
  2509 | D:5      | Reached skill level 2 in Unarmed Combat
  2509 | D:5      | Reached skill level 2 in Spellcasting
  2509 | D:5      | Reached skill level 2 in Evocations
  2518 | D:5      | HP: 17/57 [poisoned by a worker ant]
  2523 | D:5      | HP: 14/57 [poisoned by a worker ant]
  2528 | D:5      | HP: 12/57 [poisoned by a worker ant]
  2534 | D:5      | HP: 10/57 [poisoned by a worker ant]
  2542 | D:5      | HP: 9/57 [poisoned by a worker ant]
  2550 | D:5      | HP: 9/57 [poisoned by a worker ant]
  2884 | D:5      | Reached XP level 7. HP: 30/63 MP: 10/10
  2910 | D:5      | Found a deep blue altar of Sif Muna.
  2953 | D:5      | HP: 18/63 [poisoned by a worker ant]
  2958 | D:5      | HP: 14/63 [poisoned by a worker ant]
  2963 | D:5      | HP: 12/63 [poisoned by a worker ant]
  2970 | D:5      | HP: 10/63 [poisoned by a worker ant]
  2977 | D:5      | HP: 10/63 [poisoned by a worker ant]
  2985 | D:5      | HP: 9/63 [poisoned by a worker ant]
  3295 | D:5      | HP: 13/63 [howler monkey (7)]
  3597 | D:5      | Noticed Pikel
  3625 | D:5      | Killed Pikel
  3625 | D:5      | Reached skill level 9 in Fighting
  3625 | D:5      | Reached skill level 2 in Conjurations
  3625 | D:5      | Reached skill level 2 in Hexes
  3625 | D:5      | Reached skill level 2 in Charms
  3625 | D:5      | Reached skill level 2 in Summonings
  3625 | D:5      | Reached skill level 2 in Necromancy
  3625 | D:5      | Reached skill level 2 in Translocations
  3625 | D:5      | Reached skill level 2 in Transmutations
  3625 | D:5      | Reached skill level 2 in Fire Magic
  3625 | D:5      | Reached skill level 2 in Ice Magic
  3625 | D:5      | Reached skill level 2 in Air Magic
  3625 | D:5      | Reached skill level 2 in Earth Magic
  3625 | D:5      | Reached skill level 2 in Poison Magic
  3625 | D:5      | Reached skill level 3 in Invocations
  3625 | D:5      | Reached XP level 8. HP: 51/71 MP: 8/12
  3658 | D:5      | Found a basalt altar of Yredelemnul.
  3666 | D:5      | Reached skill level 4 in Crossbows
  3666 | D:5      | Reached skill level 4 in Throwing
  3666 | D:5      | Reached skill level 4 in Armour
  3666 | D:5      | Reached skill level 4 in Shields
  3692 | D:5      | Reached skill level 3 in Short Blades
  3692 | D:5      | Reached skill level 3 in Long Blades
  3692 | D:5      | Reached skill level 3 in Maces & Flails
  3692 | D:5      | Reached skill level 3 in Polearms
  3692 | D:5      | Reached skill level 3 in Staves
  3692 | D:5      | Reached skill level 3 in Slings
  3692 | D:5      | Reached skill level 3 in Bows
  3692 | D:5      | Reached skill level 3 in Dodging
  3692 | D:5      | Reached skill level 3 in Stealth
  3692 | D:5      | Reached skill level 3 in Unarmed Combat
  3692 | D:5      | Reached skill level 3 in Spellcasting
  3692 | D:5      | Reached skill level 3 in Evocations
  4220 | D:6      | Found a staircase to the Ecumenical Temple.
  4242 | Temple   | Entered the Ecumenical Temple
  4336 | D:6      | HP: 21/71 [orc warrior/+0 glaive (12)]
  5038 | D:6      | Reached skill level 3 in Conjurations
  5038 | D:6      | Reached skill level 3 in Hexes
  5038 | D:6      | Reached skill level 3 in Charms
  5038 | D:6      | Reached skill level 3 in Summonings
  5038 | D:6      | Reached skill level 3 in Necromancy
  5038 | D:6      | Reached skill level 3 in Translocations
  5038 | D:6      | Reached skill level 3 in Transmutations
  5038 | D:6      | Reached skill level 3 in Fire Magic
  5038 | D:6      | Reached skill level 3 in Ice Magic
  5038 | D:6      | Reached skill level 3 in Air Magic
  5038 | D:6      | Reached skill level 3 in Earth Magic
  5038 | D:6      | Reached skill level 3 in Poison Magic
  5038 | D:6      | Reached skill level 4 in Invocations
  5083 | D:6      | Reached skill level 6 in Axes
  5083 | D:6      | Reached XP level 9. HP: 41/76 MP: 8/14
  5576 | D:6      | HP: 15/77 [wight/+4 great sword of freezing (14)]
  5890 | D:6      | HP: 31/115 [wight/+3 falchion (5)]
  5899 | D:6      | HP: 17/77 [wight/cursed +4 mace (2)]
  5905 | D:6      | Reached skill level 4 in Short Blades
  5905 | D:6      | Reached skill level 4 in Long Blades
  5905 | D:6      | Reached skill level 4 in Maces & Flails
  5905 | D:6      | Reached skill level 4 in Polearms
  5905 | D:6      | Reached skill level 4 in Staves
  5905 | D:6      | Reached skill level 4 in Slings
  5905 | D:6      | Reached skill level 4 in Bows
  5905 | D:6      | Reached skill level 4 in Dodging
  5905 | D:6      | Reached skill level 4 in Stealth
  5905 | D:6      | Reached skill level 4 in Unarmed Combat
  5905 | D:6      | Reached skill level 4 in Spellcasting
  5905 | D:6      | Reached skill level 4 in Evocations
  5938 | D:6      | HP: 21/77 [bullfrog (3)]
  6091 | D:2      | Became a worshipper of Warmaster Okawaru
  6996 | D:6      | Noticed Sigmund
  7007 | D:6      | Killed Sigmund
  7007 | D:6      | Reached skill level 5 in Crossbows
  7007 | D:6      | Reached skill level 5 in Throwing
  7007 | D:6      | Reached skill level 5 in Armour
  7007 | D:6      | Reached skill level 5 in Shields
  7740 | D:7      | Found a blossoming altar of Fedhas.
  7806 | D:7      | Found a glowing golden altar of the Shining One.
  8197 | D:7      | HP: 18/77 [orc warrior/+0 hand axe (7)]
  8202 | D:7      | HP: 17/77 [orc warrior/+0 hand axe (3)]
  8493 | D:7      | Reached skill level 5 in Invocations
  8660 | D:8      | Reached * piety under Okawaru
  8800 | D:8      | Reached XP level 10. HP: 77/85 MP: 15/17
  8807 | D:8      | Reached skill level 4 in Conjurations
  8807 | D:8      | Reached skill level 4 in Hexes
  8807 | D:8      | Reached skill level 4 in Charms
  8807 | D:8      | Reached skill level 4 in Summonings
  8807 | D:8      | Reached skill level 4 in Necromancy
  8807 | D:8      | Reached skill level 4 in Translocations
  8807 | D:8      | Reached skill level 4 in Transmutations
  8807 | D:8      | Reached skill level 4 in Fire Magic
  8807 | D:8      | Reached skill level 4 in Ice Magic
  8807 | D:8      | Reached skill level 4 in Air Magic
  8807 | D:8      | Reached skill level 4 in Earth Magic
  8807 | D:8      | Reached skill level 4 in Poison Magic
  9100 | D:8      | Reached ** piety under Okawaru
  9101 | D:8      | Reached skill level 5 in Short Blades
  9101 | D:8      | Reached skill level 5 in Long Blades
  9101 | D:8      | Reached skill level 5 in Maces & Flails
  9101 | D:8      | Reached skill level 5 in Polearms
  9101 | D:8      | Reached skill level 5 in Staves
  9101 | D:8      | Reached skill level 5 in Slings
  9101 | D:8      | Reached skill level 5 in Bows
  9101 | D:8      | Reached skill level 5 in Dodging
  9101 | D:8      | Reached skill level 5 in Stealth
  9101 | D:8      | Reached skill level 5 in Unarmed Combat
  9101 | D:8      | Reached skill level 5 in Spellcasting
  9101 | D:8      | Reached skill level 5 in Evocations
  9429 | D:8      | Found a staircase to the Lair.
  9655 | D:8      | Found a hide-covered altar of Uskayaw.
 10280 | Lair:1   | Entered Level 1 of the Lair of Beasts
 10314 | Lair:1   | Reached skill level 10 in Fighting
 10314 | Lair:1   | Reached skill level 7 in Axes
 10457 | Lair:1   | HP: 25/85 [poisoned by a water moccasin]
 10462 | Lair:1   | HP: 21/85 [poisoned by a water moccasin]
 10467 | Lair:1   | HP: 18/85 [poisoned by a water moccasin]
 10472 | Lair:1   | HP: 16/85 [poisoned by a water moccasin]
 10477 | Lair:1   | HP: 16/85 [poisoned by a water moccasin]
 10484 | Lair:1   | HP: 15/85 [poisoned by a water moccasin]
 10492 | Lair:1   | HP: 15/85 [poisoned by a water moccasin]
 10882 | Lair:1   | Reached *** piety under Okawaru
 10882 | Lair:1   | Reached skill level 6 in Crossbows
 10882 | Lair:1   | Reached skill level 6 in Throwing
 10882 | Lair:1   | Reached skill level 6 in Armour
 10882 | Lair:1   | Reached skill level 6 in Shields
 11026 | Lair:1   | Reached skill level 6 in Invocations
 11563 | Lair:2   | HP: 19/85 [polar bear (16)]
 11622 | Lair:2   | HP: 25/85 [komodo dragon (4)]
 11623 | Lair:2   | Reached **** piety under Okawaru
 11623 | Lair:2   | Reached XP level 11. HP: 27/91 MP: 15/19
 11634 | Lair:2   | Found a gate leading to a gauntlet.
 11647 | Gauntlet | Entered a Gauntlet
 11647 | Gauntlet | Found a transporter.
 11648 | Gauntlet | Noticed an obsidian statue
 11649 | Gauntlet | Found a runed translucent gate.
 11650 | Gauntlet | Found a transporter.
 11650 | Gauntlet | Found a runed translucent gate.
 11651 | Gauntlet | Found a transporter.
 11651 | Gauntlet | Noticed a hell hog
 11652 | Gauntlet | Found a transporter.
 11655 | Gauntlet | Found a transporter.
 11656 | Gauntlet | Found a transporter.
 11658 | Gauntlet | Noticed a death yak
 11658 | Gauntlet | Noticed a death yak
 11658 | Gauntlet | Noticed a death yak
 11658 | Gauntlet | Noticed a death yak
 11658 | Gauntlet | Noticed a death yak
 11659 | Gauntlet | Found a runed translucent gate.
 11667 | Gauntlet | Noticed a death yak
 11670 | Gauntlet | Noticed a necromancer
 11673 | Gauntlet | Found a transporter.
 11673 | Gauntlet | Found a transporter.
 11743 | Gauntlet | Found a transporter.
 11745 | Gauntlet | Found the +2 ratskin cloak {+Rats rPois rN+ Str-1 Int-1
                  | Dex+1}
 11746 | Gauntlet | Found a transporter.
 11748 | Gauntlet | Found a transporter.
 11774 | Gauntlet | Found a transporter.
 11774 | Gauntlet | Noticed a great orb of eyes
 11778 | Gauntlet | Noticed a white ugly thing
 11796 | Gauntlet | Found a runed translucent door.
 11908 | Gauntlet | Killed an obsidian statue
 11917 | Gauntlet | Got a scintillating lapis lazuli ring
 11959 | Gauntlet | Reached skill level 6 in Short Blades
 11959 | Gauntlet | Reached skill level 6 in Long Blades
 11959 | Gauntlet | Reached skill level 6 in Maces & Flails
 11959 | Gauntlet | Reached skill level 6 in Polearms
 11959 | Gauntlet | Reached skill level 6 in Staves
 11959 | Gauntlet | Reached skill level 6 in Slings
 11959 | Gauntlet | Reached skill level 6 in Bows
 11959 | Gauntlet | Reached skill level 6 in Dodging
 11959 | Gauntlet | Reached skill level 6 in Stealth
 11959 | Gauntlet | Reached skill level 6 in Unarmed Combat
 11959 | Gauntlet | Reached skill level 6 in Spellcasting
 11959 | Gauntlet | Reached skill level 6 in Evocations
 11961 | Gauntlet | HP: 26/92 [flying skull (6)]
 11968 | Gauntlet | HP: 22/92 [flying skull (6)]
 11969 | Gauntlet | Reached skill level 5 in Conjurations
 11969 | Gauntlet | Reached skill level 5 in Hexes
 11969 | Gauntlet | Reached skill level 5 in Charms
 11969 | Gauntlet | Reached skill level 5 in Summonings
 11969 | Gauntlet | Reached skill level 5 in Necromancy
 11969 | Gauntlet | Reached skill level 5 in Translocations
 11969 | Gauntlet | Reached skill level 5 in Transmutations
 11969 | Gauntlet | Reached skill level 5 in Fire Magic
 11969 | Gauntlet | Reached skill level 5 in Ice Magic
 11969 | Gauntlet | Reached skill level 5 in Air Magic
 11969 | Gauntlet | Reached skill level 5 in Earth Magic
 11969 | Gauntlet | Reached skill level 5 in Poison Magic
 11973 | Gauntlet | HP: 16/92 [flying skull (4)]
 11980 | Gauntlet | HP: 17/92 [flying skull (1)]
 11987 | Gauntlet | HP: 27/92 [flying skull (5)]
 11995 | Gauntlet | HP: 23/92 [flying skull (5)]
 12006 | Gauntlet | Got a wavering golden amulet
 12013 | Gauntlet | Identified the amulet "Ifuczuva" {RegenMP rC++} (You found
                  | it in a Gauntlet)
 12017 | Gauntlet | Identified the ring "Tuipad" {+Fly rN++ Dex-2 Stlth+} (You
                  | found it in a Gauntlet)
 12341 | Gauntlet | Identified the ring of Iwnocru {*Contam +Inv rC+ Str+6}
 12341 | Gauntlet | Noticed a minotaur
 12355 | Gauntlet | Killed a minotaur
 12812 | Lair:2   | Reached skill level 7 in Invocations
 12886 | Lair:2   | Found a hazy altar of Hepliaklqana.
 12963 | Lair:2   | Reached skill level 8 in Axes
 12963 | Lair:2   | Reached skill level 7 in Crossbows
 12963 | Lair:2   | Reached skill level 7 in Throwing
 12963 | Lair:2   | Reached skill level 7 in Armour
 12963 | Lair:2   | Reached skill level 7 in Shields
 13086 | Lair:2   | Reached ***** piety under Okawaru
 13359 | Lair:2   | Found a staircase to the Swamp.
 13748 | Lair:2   | Reached XP level 12. HP: 72/99 MP: 20/22
 14060 | Lair:2   | Identified a scroll of acquirement
 14309 | Lair:3   | Received a gift from Okawaru
 14310 | Lair:3   | Got an encrusted quarterstaff {god gift}
 14314 | Lair:3   | Identified the +9 quarterstaff of the Illusory Yaks {elec,
                  | +Fly rF- rC+ Str+4} (Okawaru gifted it to you on level 3 of
                  | the Lair of Beasts)
 14811 | Lair:3   | Noticed a five-headed hydra
 14823 | Lair:2   | Reached skill level 7 in Short Blades
 14823 | Lair:2   | Reached skill level 7 in Long Blades
 14823 | Lair:2   | Reached skill level 7 in Maces & Flails
 14823 | Lair:2   | Reached skill level 7 in Polearms
 14823 | Lair:2   | Reached skill level 7 in Staves
 14823 | Lair:2   | Reached skill level 7 in Slings
 14823 | Lair:2   | Reached skill level 7 in Bows
 14823 | Lair:2   | Reached skill level 7 in Dodging
 14823 | Lair:2   | Reached skill level 7 in Stealth
 14823 | Lair:2   | Reached skill level 7 in Unarmed Combat
 14823 | Lair:2   | Reached skill level 7 in Spellcasting
 14823 | Lair:2   | Reached skill level 7 in Evocations
 15035 | Lair:3   | Noticed a five-headed hydra
 15042 | Lair:3   | Killed a five-headed hydra
 15086 | Lair:3   | Reached skill level 11 in Fighting
 15378 | Lair:3   | HP: 30/100 [poisoned by a black mamba]
 15383 | Lair:3   | HP: 28/100 [poisoned by a black mamba]
 15388 | Lair:3   | HP: 28/100 [poisoned by a black mamba]
 15395 | Lair:3   | HP: 28/100 [poisoned by a black mamba]
 15403 | Lair:3   | HP: 28/100 [poisoned by a black mamba]
 15883 | Lair:3   | Reached skill level 6 in Conjurations
 15883 | Lair:3   | Reached skill level 6 in Hexes
 15883 | Lair:3   | Reached skill level 6 in Charms
 15883 | Lair:3   | Reached skill level 6 in Summonings
 15883 | Lair:3   | Reached skill level 6 in Necromancy
 15883 | Lair:3   | Reached skill level 6 in Translocations
 15883 | Lair:3   | Reached skill level 6 in Transmutations
 15883 | Lair:3   | Reached skill level 6 in Fire Magic
 15883 | Lair:3   | Reached skill level 6 in Ice Magic
 15883 | Lair:3   | Reached skill level 6 in Air Magic
 15883 | Lair:3   | Reached skill level 6 in Earth Magic
 15883 | Lair:3   | Reached skill level 6 in Poison Magic
 15886 | Lair:3   | Received a gift from Okawaru
 16057 | Lair:3   | Noticed a five-headed hydra
 16067 | Lair:3   | Killed a five-headed hydra
 16067 | Lair:3   | Reached skill level 8 in Invocations
 16130 | Lair:3   | Killed a five-headed hydra
 16401 | Lair:4   | Noticed a catoblepas
 16409 | Lair:4   | Killed a catoblepas
 16474 | Lair:4   | You fall through a shaft for 2 floors!
 16474 | Lair:6   | Entered Level 6 of the Lair of Beasts
 16481 | Lair:6   | Paralysed by a hornet for 2 turns
 16484 | Lair:6   | Reached skill level 8 in Crossbows
 16484 | Lair:6   | Reached skill level 8 in Throwing
 16484 | Lair:6   | Reached skill level 8 in Armour
 16484 | Lair:6   | Reached skill level 8 in Shields
 16876 | Lair:6   | Noticed a five-headed hydra
 16890 | Lair:6   | Killed a five-headed hydra
 16890 | Lair:6   | Reached skill level 9 in Axes
 16927 | Lair:6   | Reached XP level 13. HP: 54/106 MP: 18/24
 17264 | Lair:6   | Received a gift from Okawaru
 17317 | Lair:6   | Identified the amulet of Jeeseisk {Gourm *Contam rElec
                  | Dex+4 Slay+2}
 17935 | Lair:6   | Reached skill level 8 in Short Blades
 17935 | Lair:6   | Reached skill level 8 in Long Blades
 17935 | Lair:6   | Reached skill level 8 in Maces & Flails
 17935 | Lair:6   | Reached skill level 8 in Polearms
 17935 | Lair:6   | Reached skill level 8 in Staves
 17935 | Lair:6   | Reached skill level 8 in Slings
 17935 | Lair:6   | Reached skill level 8 in Bows
 17935 | Lair:6   | Reached skill level 8 in Dodging
 17935 | Lair:6   | Reached skill level 8 in Stealth
 17935 | Lair:6   | Reached skill level 8 in Unarmed Combat
 17935 | Lair:6   | Reached skill level 8 in Spellcasting
 17935 | Lair:6   | Reached skill level 8 in Evocations
 18771 | Lair:5   | Reached skill level 9 in Invocations
 18877 | Lair:4   | HP: 31/106 [poisoned by a black mamba]
 19296 | Lair:4   | Found a hole to the Spider Nest.
 20323 | Lair:5   | Reached skill level 7 in Conjurations
 20323 | Lair:5   | Reached skill level 7 in Hexes
 20323 | Lair:5   | Reached skill level 7 in Charms
 20323 | Lair:5   | Reached skill level 7 in Summonings
 20323 | Lair:5   | Reached skill level 7 in Necromancy
 20323 | Lair:5   | Reached skill level 7 in Translocations
 20323 | Lair:5   | Reached skill level 7 in Transmutations
 20323 | Lair:5   | Reached skill level 7 in Fire Magic
 20323 | Lair:5   | Reached skill level 7 in Ice Magic
 20323 | Lair:5   | Reached skill level 7 in Air Magic
 20323 | Lair:5   | Reached skill level 7 in Earth Magic
 20323 | Lair:5   | Reached skill level 7 in Poison Magic
 20699 | Lair:5   | Found a staircase to the Slime Pits.
 20828 | Lair:5   | Received a gift from Okawaru
 20938 | Lair:5   | Got a ripped robe
 21109 | Lair:5   | Found a shimmering altar of Xom.
 21299 | Lair:5   | Reached skill level 9 in Crossbows
 21299 | Lair:5   | Reached skill level 9 in Throwing
 21299 | Lair:5   | Reached skill level 9 in Armour
 21299 | Lair:5   | Reached skill level 9 in Shields
 21466 | Lair:5   | Identified the cursed +1 robe of Levity {rN+ MR+ Dex+2
                  | Slay+3} (You found it on level 5 of the Lair of Beasts)
 21575 | Lair:6   | Paralysed by a hornet for 3 turns
 21912 | Lair:6   | Reached XP level 14. HP: 114/114 MP: 26/26
 22179 | D:9      | Found a burning altar of Makhleb.
 22268 | D:9      | Received a gift from Okawaru
 22284 | D:9      | Found an ancient bone altar of Kikubaaqudgha.
 22552 | D:9      | Found a hazy altar of Hepliaklqana.
 22615 | D:9      | Found a white marble altar of Elyvilon.
 22654 | D:9      | Found a glowing silver altar of Zin.
 22756 | D:9      | Found an ornate altar of the Wu Jian Council.
 22923 | D:10     | Entered Level 10 of the Dungeon
 23064 | D:10     | Found Plog's Gadget Shoppe.
 23440 | D:10     | Found a staircase to the Orcish Mines.
 23716 | Orc:1    | Entered Level 1 of the Orcish Mines
 23798 | Orc:1    | Received a gift from Okawaru
 23802 | Orc:1    | Found a frozen archway.
 23821 | IceCv    | Entered an ice cave
 23902 | IceCv    | Reached skill level 12 in Fighting
 23902 | IceCv    | Reached skill level 10 in Axes
 24148 | IceCv    | Reached ****** piety under Okawaru
 24249 | IceCv    | Reached skill level 9 in Short Blades
 24249 | IceCv    | Reached skill level 9 in Long Blades
 24249 | IceCv    | Reached skill level 9 in Maces & Flails
 24249 | IceCv    | Reached skill level 9 in Polearms
 24249 | IceCv    | Reached skill level 9 in Staves
 24249 | IceCv    | Reached skill level 9 in Slings
 24249 | IceCv    | Reached skill level 9 in Bows
 24249 | IceCv    | Reached skill level 9 in Dodging
 24249 | IceCv    | Reached skill level 9 in Stealth
 24249 | IceCv    | Reached skill level 9 in Unarmed Combat
 24249 | IceCv    | Reached skill level 9 in Spellcasting
 24249 | IceCv    | Reached skill level 9 in Evocations
 24291 | IceCv    | Got a steaming glass ring
 24311 | IceCv    | Identified the ring "Bojovi" {+Fly Int+6} (You found it in
                  | an ice cave)
 24733 | Orc:2    | Entered Level 2 of the Orcish Mines
 24768 | Orc:1    | Received a gift from Okawaru
 24895 | Orc:2    | Noticed Erolcha
 24902 | Orc:2    | Killed Erolcha
 25073 | Orc:2    | Received a gift from Okawaru
 25112 | Orc:2    | Noticed Saint Roka
 25343 | Orc:2    | Killed Saint Roka
 25343 | Orc:2    | Reached skill level 10 in Invocations
 25977 | Orc:2    | Received a gift from Okawaru
 26119 | Orc:2    | Found a roughly hewn altar of Beogh.
 26146 | Orc:2    | Found Bekemuak's Antique Weapon Boutique.
 26316 | Orc:2    | Found Rijoniod's General Store.
 26318 | Orc:2    | Found Cacuena's Antique Armour Boutique.
 26326 | Orc:2    | Found Fiux's Jewellery Boutique.
 26381 | Orc:2    | Upgraded the game from 0.24-a0-279-ga7546fe to
                  | 0.24-a0-282-g1a68c91
 26442 | Orc:2    | Noticed Gorice's ghost (journeyman GnWn)
 26449 | Orc:2    | Found a transporter.
 26597 | Orc:2    | Found a staircase to the Elven Halls.
 26654 | Orc:2    | Noticed Maurice
 26662 | Orc:2    | Killed Maurice
 26696 | Orc:2    | Found a transporter.
 26929 | Orc:2    | Learned a level 2 spell: Blink
 26933 | Orc:2    | Learned a level 3 spell: Portal Projectile
 26963 | Orc:2    | Bought a +6 ring of protection for 1092 gold pieces
 27429 | D:11     | Received a gift from Okawaru
 27447 | D:11     | Got a pair of heavily runed boots {god gift}
 27453 | D:11     | Identified the +1 pair of boots "Idoroqokh" {-Cast rPois
                  | rCorr SInv} (Okawaru gifted it to you on level 11 of the
                  | Dungeon)
 27845 | D:11     | Reached skill level 8 in Conjurations
 27845 | D:11     | Reached skill level 8 in Hexes
 27845 | D:11     | Reached skill level 8 in Charms
 27845 | D:11     | Reached skill level 8 in Summonings
 27845 | D:11     | Reached skill level 8 in Necromancy
 27845 | D:11     | Reached skill level 8 in Translocations
 27845 | D:11     | Reached skill level 8 in Transmutations
 27845 | D:11     | Reached skill level 8 in Fire Magic
 27845 | D:11     | Reached skill level 8 in Ice Magic
 27845 | D:11     | Reached skill level 8 in Air Magic
 27845 | D:11     | Reached skill level 8 in Earth Magic
 27845 | D:11     | Reached skill level 8 in Poison Magic
 27852 | D:11     | Reached XP level 15. HP: 69/122 MP: 22/28
 28344 | D:12     | Reached skill level 10 in Crossbows
 28344 | D:12     | Reached skill level 10 in Throwing
 28344 | D:12     | Reached skill level 10 in Armour
 28344 | D:12     | Reached skill level 10 in Shields
 29418 | D:13     | Received a gift from Okawaru
 29421 | D:13     | Got a silken robe {god gift}
 29504 | D:13     | Found a radiant altar of Vehumet.
 30179 | D:14     | Found Efurphiy's Book Boutique.
 30644 | D:14     | Reached skill level 10 in Short Blades
 30644 | D:14     | Reached skill level 10 in Long Blades
 30644 | D:14     | Reached skill level 10 in Maces & Flails
 30644 | D:14     | Reached skill level 10 in Polearms
 30644 | D:14     | Reached skill level 10 in Staves
 30644 | D:14     | Reached skill level 10 in Slings
 30644 | D:14     | Reached skill level 10 in Bows
 30644 | D:14     | Reached skill level 10 in Dodging
 30644 | D:14     | Reached skill level 10 in Stealth
 30644 | D:14     | Reached skill level 10 in Unarmed Combat
 30644 | D:14     | Reached skill level 10 in Spellcasting
 30644 | D:14     | Reached skill level 10 in Evocations
 31256 | D:14     | Reached skill level 11 in Axes
 31383 | D:14     | Found a gate to the Vaults.
 31544 | D:15     | Entered Level 15 of the Dungeon
 31650 | D:15     | Reached skill level 11 in Invocations
 31670 | D:15     | Found a flickering gateway to a bazaar.
 31701 | Bazaar   | Entered a bazaar
 31701 | Bazaar   | Found Ruer Ziu's General Store.
 31721 | Bazaar   | Found Ownoilac's Distillery.
 31730 | Bazaar   | Found Magg's Jewellery Emporium.
 31740 | Bazaar   | Found Gatt's Assorted Antiques.
 31746 | Bazaar   | Bought a scroll of enchant weapon for 165 gold pieces
 31746 | Bazaar   | Bought a scroll labeled JEMEAST PAUKK for 22 gold pieces
 31760 | Bazaar   | Bought a potion of resistance for 110 gold pieces
 31760 | Bazaar   | Bought a potion of curing for 33 gold pieces
 31760 | Bazaar   | Bought 2 potions of curing for 66 gold pieces
 31760 | Bazaar   | Bought a potion of curing for 33 gold pieces
 31760 | Bazaar   | Bought a potion of heal wounds for 55 gold pieces
 31760 | Bazaar   | Bought a potion of haste for 110 gold pieces
 31777 | Bazaar   | Bought a potion of heal wounds for 110 gold pieces
 32147 | D:15     | Found a staircase to the Depths.
 32180 | D:15     | Received a gift from Okawaru
 32548 | D:15     | Reached XP level 16. HP: 123/129 MP: 28/30
 32719 | D:15     | Reached skill level 13 in Fighting
 33128 | Swamp:1  | Entered Level 1 of the Swamp
 33342 | Swamp:1  | Noticed Frances
 33346 | Swamp:1  | Noticed Louise
 33368 | Swamp:1  | Killed Frances
 33393 | Swamp:1  | Killed Louise
 34530 | Swamp:1  | Reached skill level 9 in Conjurations
 34530 | Swamp:1  | Reached skill level 9 in Hexes
 34530 | Swamp:1  | Reached skill level 9 in Charms
 34530 | Swamp:1  | Reached skill level 9 in Summonings
 34530 | Swamp:1  | Reached skill level 9 in Necromancy
 34530 | Swamp:1  | Reached skill level 9 in Translocations
 34530 | Swamp:1  | Reached skill level 9 in Transmutations
 34530 | Swamp:1  | Reached skill level 9 in Fire Magic
 34530 | Swamp:1  | Reached skill level 9 in Ice Magic
 34530 | Swamp:1  | Reached skill level 9 in Air Magic
 34530 | Swamp:1  | Reached skill level 9 in Earth Magic
 34530 | Swamp:1  | Reached skill level 9 in Poison Magic
 34874 | Swamp:2  | Noticed a thorn hunter
 34899 | Swamp:2  | Killed a thorn hunter
 34899 | Swamp:2  | Received a gift from Okawaru
 35067 | Swamp:2  | Reached skill level 11 in Crossbows
 35067 | Swamp:2  | Reached skill level 11 in Throwing
 35067 | Swamp:2  | Reached skill level 11 in Armour
 35067 | Swamp:2  | Reached skill level 11 in Shields
 35102 | Swamp:2  | Noticed Jorgrun
 35120 | Swamp:2  | HP: 35/131 [large slime creature (7)]
 35125 | Swamp:2  | HP: 4/131 [Jorgrun/+0 quarterstaff of crushing (15)]
 36028 | Swamp:2  | Killed Jorgrun
 36181 | Swamp:3  | Received a gift from Okawaru
 36298 | Swamp:3  | Found a runed translucent door.
 36302 | Swamp:3  | Noticed Vaxoipno's ghost (adept KoBe)
 36303 | Swamp:3  | Identified the +4 spear "Remariv" {pierce, rPois rF- Dex+4
                  | SInv}
 36336 | Swamp:3  | Received a gift from Okawaru
 36815 | Swamp:3  | Noticed a thorn hunter
 36832 | Swamp:3  | Killed a thorn hunter
 37395 | Spider:1 | Entered Level 1 of the Spider Nest
 37416 | Lair:4   | Reached skill level 11 in Short Blades
 37416 | Lair:4   | Reached skill level 11 in Long Blades
 37416 | Lair:4   | Reached skill level 11 in Maces & Flails
 37416 | Lair:4   | Reached skill level 11 in Polearms
 37416 | Lair:4   | Reached skill level 11 in Staves
 37416 | Lair:4   | Reached skill level 11 in Slings
 37416 | Lair:4   | Reached skill level 11 in Bows
 37416 | Lair:4   | Reached skill level 11 in Dodging
 37416 | Lair:4   | Reached skill level 11 in Stealth
 37416 | Lair:4   | Reached skill level 11 in Unarmed Combat
 37416 | Lair:4   | Reached skill level 11 in Spellcasting
 37416 | Lair:4   | Reached skill level 11 in Evocations
 37855 | Spider:1 | HP: 39/131 [poisoned by a redback]
 37861 | Spider:1 | HP: 32/131 [poisoned by a redback]
 37866 | Spider:1 | HP: 28/131 [redback (1)]
 37871 | Spider:1 | HP: 23/131 [redback (6)]
 38302 | Spider:1 | Reached XP level 17. HP: 134/137 MP: 32/32
 38606 | Spider:1 | Reached skill level 12 in Invocations
 39308 | Spider:1 | Reached skill level 12 in Axes
 39385 | Spider:2 | Received a gift from Okawaru
 40468 | Spider:2 | HP: 35/138 [wolf spider (11)]
 41697 | Spider:3 | Received a gift from Okawaru
 42269 | Lair:1   | Got a transparent double sword
 42270 | Lair:1   | Identified the +1 double sword of Xytopn {pain, rElec rC+
                  | SInv} (You acquired it on level 1 of the Lair of Beasts)
 42382 | Swamp:4  | Entered Level 4 of the Swamp
 42656 | Swamp:4  | Received a gift from Okawaru
 42987 | Swamp:4  | Paralysed by a hornet for 3 turns
 42995 | Swamp:3  | HP: 38/138 [hornet[a shambling mangrove] (6)]
 43001 | Swamp:3  | HP: 30/138 [poisoned by a hornet]
 43006 | Swamp:3  | HP: 30/138 [poisoned by a hornet]
 43014 | Swamp:3  | HP: 31/138 [poisoned by a hornet]
 43796 | Swamp:4  | Received a gift from Okawaru
 43825 | Swamp:3  | Reached skill level 10 in Conjurations
 43825 | Swamp:3  | Reached skill level 10 in Hexes
 43825 | Swamp:3  | Reached skill level 10 in Charms
 43825 | Swamp:3  | Reached skill level 10 in Summonings
 43825 | Swamp:3  | Reached skill level 10 in Necromancy
 43825 | Swamp:3  | Reached skill level 10 in Translocations
 43825 | Swamp:3  | Reached skill level 10 in Transmutations
 43825 | Swamp:3  | Reached skill level 10 in Fire Magic
 43825 | Swamp:3  | Reached skill level 10 in Ice Magic
 43825 | Swamp:3  | Reached skill level 10 in Air Magic
 43825 | Swamp:3  | Reached skill level 10 in Earth Magic
 43825 | Swamp:3  | Reached skill level 10 in Poison Magic
 44054 | Swamp:4  | Noticed Donald
 44069 | Swamp:4  | Reached XP level 18. HP: 125/145 MP: 30/33
 44078 | Swamp:4  | Reached skill level 14 in Fighting
 44078 | Swamp:4  | Reached skill level 12 in Crossbows
 44078 | Swamp:4  | Reached skill level 12 in Throwing
 44078 | Swamp:4  | Reached skill level 12 in Armour
 44078 | Swamp:4  | Reached skill level 12 in Shields
 44110 | Swamp:4  | Killed Donald
 44389 | Swamp:4  | Noticed the 27-headed Lernaean hydra
 44422 | Swamp:4  | Got a decaying rune of Zot
 44816 | Swamp:4  | HP: 41/146 [the 27-headed Lernaean hydra (5)]
 44823 | Swamp:4  | HP: 41/146 [poisoned by a swamp dragon (blast of poison)]
 45347 | Swamp:4  | Killed the 27-headed Lernaean hydra
 45741 | Spider:4 | Entered Level 4 of the Spider Nest
 46482 | Spider:3 | Reached skill level 12 in Short Blades
 46482 | Spider:3 | Reached skill level 12 in Long Blades
 46482 | Spider:3 | Reached skill level 12 in Maces & Flails
 46482 | Spider:3 | Reached skill level 12 in Polearms
 46482 | Spider:3 | Reached skill level 12 in Staves
 46482 | Spider:3 | Reached skill level 12 in Slings
 46482 | Spider:3 | Reached skill level 12 in Bows
 46482 | Spider:3 | Reached skill level 12 in Dodging
 46482 | Spider:3 | Reached skill level 12 in Stealth
 46482 | Spider:3 | Reached skill level 12 in Unarmed Combat
 46482 | Spider:3 | Reached skill level 12 in Spellcasting
 46482 | Spider:3 | Reached skill level 12 in Evocations
 47009 | Spider:4 | Reached skill level 13 in Invocations
 47060 | Spider:4 | Received a gift from Okawaru
 48562 | Spider:4 | HP: 43/147 [emperor scorpion (2)]
 48976 | Spider:4 | Received a gift from Okawaru
 49265 | Spider:4 | Got a gossamer rune of Zot
 49757 | Vaults:1 | Entered Level 1 of the Vaults
 49794 | Vaults:1 | Reached skill level 13 in Axes
 49816 | Vaults:1 | Cast into level 3 of the Abyss (a wizard)
 49922 | Abyss:3  | Received a gift from Okawaru
 50016 | Abyss:3  | HP: 41/147 [efreet/bolt of fire (9)]
 50021 | Abyss:3  | HP: 40/147 [efreet/fireball (2)]
 50035 | Abyss:3  | HP: 41/147 [large abomination (3)]
 50059 | Abyss:3  | HP: 41/147 [starcursed mass/accursed screaming (6)]
 50061 | Abyss:3  | Noticed a lich
 50064 | Abyss:3  | HP: 40/147 [starcursed mass/accursed screaming (3)]
 50070 | Abyss:3  | HP: 34/147 [smoke demon/divine providence (7)]
 50077 | Abyss:3  | HP: 20/147 [smoke demon/divine providence (6)]
 50082 | Abyss:3  | HP: 43/147 [burnt (3)]
 50105 | Abyss:3  | HP: 37/147 [smoke demon/divine providence (10)]
 50110 | Abyss:3  | HP: 36/147 [ynoxinul (2)]
 50115 | Abyss:3  | HP: 32/147 [smoke demon/ball of steam (5)]
 50116 | Vaults:1 | Escaped the Abyss
 50478 | Vaults:1 | Reached XP level 19. HP: 153/153 MP: 35/35
 50492 | D:14     | HP: 41/153 [deep troll[an ironheart preserver] (5)]
 51238 | Vaults:1 | Received a gift from Okawaru
 51871 | Vaults:1 | Found Piuguedo's Antique Weapon Boutique.
 52857 | Vaults:1 | Received a gift from Okawaru
 52875 | Vaults:1 | HP: 33/153 [??? (19)]
 52885 | Vaults:1 | HP: 25/153 [orc warrior/+0 short sword[an orc knight] (7)]
 52954 | Vaults:1 | HP: 37/153 [orc warrior/tomahawk[an orc knight] (3)]
 52960 | Vaults:1 | HP: 29/153 [??? (9)]
 53564 | Vaults:1 | Bought a shimmering battleaxe for 322 gold pieces
 53564 | Vaults:1 | Identified the +2 battleaxe "Aluafigu" {drain, Int+5 Dex+5}
                  | (You bought it in a shop on level 1 of the Vaults)
 54165 | Vaults:2 | HP: 41/153 [cyclops/large rock (9)]
 54170 | Vaults:2 | HP: 37/153 [harpy (6)]
 54175 | Vaults:1 | HP: 29/153 [harpy (5)]
 54180 | Vaults:1 | HP: 23/153 [harpy (3)]
 54182 | Vaults:1 | HP: 10/153 [rakshasa/+0 whip (7)]
 54183 | Vaults:1 | HP: 1/153 [rakshasa (illusionary)/+0 whip (4)]
 54187 | Vaults:1 | Slain by a rakshasa (illusionary)

Levels and vault maps discovered:
D:1:      elethiomel_arrival_maze, layout_basic, corexii_hall_statues_l
D:2:      layout_rooms, lemuel_coloured_pillars_altar, bloody_trog,
          minmay_pentomino_x2, uniq_jessica
D:3:      layout_rooms, grunt_temple_overflow_forces_of_nature,
          nicolae_overflow_crystal_walls, first_ration, kennysheep_potato
D:4:      layout_gridville
D:5:      layout_rooms, kennysheep_mini, old_standard_altar, chequers_jeans,
          minmay_fire_ice_demons, uniq_pikel
D:6:      kennysheep_kobold_camp, layout_loops_corners,
          minmay_temple_entry_grid, uniq_sigmund
D:7:      layout_rooms, lemuel_doored_altar, serial_curves, eino_curves_04,
          eino_curves_04, fedhas_altar_1
D:8:      layout_basic, eat_drink_and_be_merry_uskayaw,
          grunt_lair_entry_orc_guard_hut
D:9:      layout_loops_ring, makhleb_heckhound_becter, lemuel_round_altar,
          old_standard_altar, kennysheep_little_box, kiku_gazebo_pond_becter,
          lemuel_crystal_altar
D:10:     layout_stronghold, david_orc_2, serial_shops, nicolae_shop_crystal,
          serial_column_ruins, column_ruins_open_tiny, column_ruins_open_tiny,
          column_ruins_corridor_dead_end, the_bakery,
          nrook_guardian_serpent_ordinary
D:11:     cheibrodos_grave_circle, layout_loops_ring, centaur_isle
D:12:     layout_gridville, minmay_stone_trees_small
D:13:     layout_big_octagon, basic_altar
D:14:     layout_roguey, ximxim_vaults_locker_room, hangedman_decor_points,
          serial_shops, shop_coins
D:15:     hangedman_depths_entry_civil_slaughter, layout_cave_pods,
          serial_shops, bzr_entry_islet
Temple:   corrupted_temple
Lair:1:   layout_gridlike
Lair:2:   layout_cave_pods, swamp_mist_pool, gauntlet_entry_generic, basic_altar
Lair:3:   cheibrodos_lair_river_kwai, layout_cave_pods
Lair:4:   layout_layer_cave, spider_nest_entry_web_field, serial_bayou_shore_a,
          lemuel_fruit_tree
Lair:5:   layout_big_grid, minmay_slime_entry_pillars, serial_bayou_ford_a,
          lemuel_centaur_altar
Lair:6:   minmay_lair_end_enchanted_forest, layout_small_grid,
          serial_bayou_shore_b, lemuel_fruit_fields
Swamp:1:  layout_basic_swamp, hangedman_swamp_ruin_wall, uniq_louise,
          uniq_frances
Swamp:2:  layout_basic_swamp, nicolae_swamp_dense_foliage, uniq_jorgrun
Swamp:3:  layout_basic_swamp, ebering_ghost_funeral_grove,
          evilmike_swamp_ruin_house_4
Swamp:4:  swamp_basic_johnstein, layout_basic_swamp, uniq_donald
Spider:1: layout_spider_delve, guppyfry_spider_mini_2
Spider:2: layout_spider_delve
Spider:3: layout_spider_delve
Spider:4: grunt_spider_rune_circles
Orc:1:    layout_caves, portal_ice_cave_demonic_guard, rock_pile
Orc:2:    grunt_orc_cross, layout_caves, gammafunk_ghost_stat_death,
          uniq_erolcha, uniq_maurice
Vaults:1: vaults_room_fours, vaults_mumra_minichess_inversion,
          ontoclasm_vaults_twist, v_rooms_5, dpeg_vaults_monster_box,
          ontoclasm_vaults_ligature, vaults_dpeg_diagonal,
          vaults_dpeg_encased_lava, grunt_vaults_swirl,
          nicolae_vaults_three_branches, layout_vaults_ring, serial_shops,
          nicolae_shop_behind_doors
Vaults:2: nicolae_vaults_what_the_h, vaults_room_hangedman_quadrants,
          vaults_room_pool, nicolae_vaults_windows_and_doors_thing,
          nicolae_vaults_little_ls, layout_vaults_big_room,
          portal_desolation_entry_ruin

Skill      XL: |  1  2  3  4  5  6  7  8  9 10 11 12 13 14 15 16 17 18 |
---------------+-------------------------------------------------------+-----
Invocations    | 1 2 3 4 5 6 7 8 9 10 11 12 13 | 13.7
Short Blades   | 1 2 3 4 5 6 7 8 9 10 11 12 | 12.7
Long Blades    | 1 2 3 4 5 6 7 8 9 10 11 12 | 12.7
Maces & Flails | 1 2 3 4 5 6 7 8 9 10 11 12 | 12.7
Polearms       | 1 2 3 4 5 6 7 8 9 10 11 12 | 12.7
Staves         | 1 2 3 4 5 6 7 8 9 10 11 12 | 12.7
Slings         | 1 2 3 4 5 6 7 8 9 10 11 12 | 12.7
Bows           | 1 2 3 4 5 6 7 8 9 10 11 12 | 12.7
Dodging        | 1 2 3 4 5 6 7 8 9 10 11 12 | 12.7
Stealth        | 1 2 3 4 5 6 7 8 9 10 11 12 | 12.7
Unarmed Combat | 1 2 3 4 5 6 7 8 9 10 11 12 | 12.7
Spellcasting   | 1 2 3 4 5 6 7 8 9 10 11 12 | 12.7
Evocations     | 1 2 3 4 5 6 7 8 9 10 11 12 | 12.7
Conjurations   | 1 2 3 4 5 6 7 8 9 10 | 10.9
Hexes          | 1 2 3 4 5 6 7 8 9 10 | 10.9
Charms         | 1 2 3 4 5 6 7 8 9 10 | 10.9
Summonings     | 1 2 3 4 5 6 7 8 9 10 | 10.9
Necromancy     | 1 2 3 4 5 6 7 8 9 10 | 10.9
Translocations | 1 2 3 4 5 6 7 8 9 10 | 10.9
Transmutations | 1 2 3 4 5 6 7 8 9 10 | 10.9
Fire Magic     | 1 2 3 4 5 6 7 8 9 10 | 10.9
Ice Magic      | 1 2 3 4 5 6 7 8 9 10 | 10.9
Air Magic      | 1 2 3 4 5 6 7 8 9 10 | 10.9
Earth Magic    | 1 2 3 4 5 6 7 8 9 10 | 10.9
Poison Magic   | 1 2 3 4 5 6 7 8 9 10 | 10.9
Crossbows      | 3 4 5 6 7 8 9 10 11 12 | 12.9
Throwing       | 3 4 5 6 7 8 9 10 11 12 | 12.9
Armour         | 3 4 5 6 7 8 9 10 11 12 | 12.9
Shields        | 3 4 5 6 7 8 9 10 11 12 | 12.9
Axes           | 5 6 7 8 9 10 11 12 13 | 13.4
Fighting       | 9 10 11 12 13 14 | 14.7

Action                   |  1- 3 |  4- 6 |  7- 9 | 10-12 | 13-15 | 16-18 | 19-21 || total
-------------------------+-------+-------+-------+-------+-------+-------+-------++-------
Melee: Hand axe          |    72 |   183 |   529 |       |       |       |       ||   784
       Bite              |     3 |    10 |    55 |    56 |   183 |   284 |    83 ||   674
       Punch             |       |     1 |     8 |       |       |     1 |    14 ||    24
       Great sword       |       |       |    35 |   371 |    18 |       |       ||   424
       Quarterstaff      |       |       |       |   170 |  1601 |  2022 |   194 ||  3987
       Double sword      |       |       |       |       |       |    36 |   335 ||   371
Throw: Stone             |     1 |     1 |       |       |       |       |       ||     2
       Tomahawk          |       |       |     8 |    21 |       |       |    11 ||    40
       Javelin           |       |       |       |    21 |    65 |    74 |    16 ||   176
 Cast: Blink             |       |       |       |       |       |       |     2 ||     2
Invok: Heroism           |       |       |       |    13 |     8 |    18 |     2 ||    41
       Finesse           |       |       |       |       |     1 |     3 |       ||     4
 Abil: Evoke Flight      |       |       |       |       |     6 |     4 |       ||    10
Evoke: Wand              |       |     2 |     4 |     2 |     6 |    13 |     2 ||    29
  Use: Scroll            |     5 |     7 |     8 |     8 |    15 |    13 |     3 ||    59
       Potion            |       |     1 |     2 |     5 |     1 |     5 |     1 ||    15
 Stab: Paralysed         |       |       |     1 |       |       |       |       ||     1
       Invisible         |       |       |       |     3 |       |       |       ||     3
       Petrified         |       |       |       |       |     1 |       |       ||     1
       Held in net/web   |       |       |       |       |       |     2 |       ||     2
  Eat: Chunk             |       |     6 |    17 |    26 |    53 |    38 |     9 ||   149
       Ration            |       |       |     1 |       |       |     7 |       ||     8
Armor: Robe              |     3 |       |       |       |       |       |       ||     3
       Scale mail        |    22 |    70 |   106 |       |       |       |       ||   198
       Chain mail        |       |       |    92 |       |       |       |       ||    92
       Plate armour      |       |       |    12 |   389 |   881 |   181 |       ||  1463
       Gold dragon scale |       |       |       |       |       |  1751 |   437 ||  2188
Dodge: Dodged            |    40 |    95 |   249 |   269 |   989 |  1512 |   367 ||  3521
       Rpst.: Great sword |       |       |     4 |    34 |     1 |       |       ||    39
       Double sword      |       |       |       |       |       |     6 |    52 ||    58

Table legend:
 A = Non-vault XP
 B = Vault XP
 C = Vault XP percentage of total XP
 D = Non-vault monster count
 E = Vault monster count
 F = Vault count percentage of total count
                 A         B        C        D         E       F
            +---------+---------+-------+---------+---------+-------
      Total |  230055 |  136831 |  37.3 |     926 |     333 |  26.4
            +---------+---------+-------+---------+---------+-------
        D:1 |      31 |       0 |   0.0 |      21 |       0 |   0.0
        D:2 |      90 |      40 |  30.8 |      26 |       3 |  10.3
        D:3 |     241 |       2 |   0.8 |      26 |       1 |   3.7
        D:4 |      38 |       0 |   0.0 |       5 |       0 |   0.0
        D:5 |     572 |     698 |  55.0 |      25 |       3 |  10.7
        D:6 |    1380 |     330 |  19.3 |      28 |      20 |  41.7
        D:7 |    1089 |       0 |   0.0 |      20 |       0 |   0.0
        D:8 |    1037 |     817 |  44.1 |      26 |       6 |  18.8
        D:9 |    1212 |      42 |   3.3 |      33 |       1 |   2.9
       D:10 |    1577 |     680 |  30.1 |      23 |       8 |  25.8
       D:11 |    4913 |    4304 |  46.7 |      44 |      19 |  30.2
       D:12 |   11127 |       0 |   0.0 |      43 |       0 |   0.0
       D:13 |    3719 |     754 |  16.9 |      23 |       1 |   4.2
       D:14 |   11008 |    5387 |  32.9 |      44 |      12 |  21.4
       D:15 |   10186 |    5558 |  35.3 |      23 |       6 |  20.7
     Lair:1 |    2508 |       0 |   0.0 |      14 |       0 |   0.0
     Lair:2 |    6374 |       0 |   0.0 |      28 |       0 |   0.0
     Lair:3 |    5721 |    2446 |  29.9 |      24 |       5 |  17.2
     Lair:4 |    7644 |       0 |   0.0 |      30 |       0 |   0.0
     Lair:5 |    4858 |     799 |  14.1 |      23 |       7 |  23.3
     Lair:6 |    8797 |    7515 |  46.1 |      25 |      43 |  63.2
    Swamp:1 |   10878 |    4027 |  27.0 |      44 |       2 |   4.3
    Swamp:2 |    9465 |    2731 |  22.4 |      19 |       1 |   5.0
    Swamp:3 |   17055 |    2688 |  13.6 |      36 |       3 |   7.7
    Swamp:4 |   11115 |   25108 |  69.3 |      15 |      32 |  68.1
   Spider:1 |   12762 |    1637 |  11.4 |      44 |       7 |  13.7
   Spider:2 |   12399 |       0 |   0.0 |      33 |       0 |   0.0
   Spider:3 |   17878 |     439 |   2.4 |      48 |       2 |   4.0
   Spider:4 |   17318 |   24755 |  58.8 |      40 |      38 |  48.7
      Orc:1 |     539 |    2393 |  81.6 |       6 |      10 |  62.5
      Orc:2 |    1832 |   12146 |  86.9 |      17 |      35 |  67.3
   Vaults:1 |   27695 |   19281 |  41.0 |      56 |      32 |  36.4
   Vaults:2 |     220 |    2608 |  92.2 |       1 |       4 |  80.0
    Abyss:3 |    6777 |       0 |   0.0 |      13 |       0 |   0.0
      IceCv |       0 |    5411 | 100.0 |       0 |      20 | 100.0
   Gauntlet |       0 |    4235 | 100.0 |       0 |      12 | 100.0
            +---------+---------+-------+---------+---------+-------

Table legend:
 A = Turns spent in this place as a percentage of turns spent in the entire game.
 B = Non-inter-level travel turns spent in this place as a percentage of non-inter-level travel turns spent in the entire game.
 C = Inter-level travel turns spent in this place as a percentage of turns spent in this place.
 D = Turns resting spent in this place as a percentage of non-inter-level travel turns spent in this place.
 E = Turns spent auto-exploring this place as a percentage of non-inter-level travel turns spent in this place.
 F = Non-inter-level travel turns spent in this place divided by the number of levels of this place that you've seen.
                   A       B       C       D       E      F
               +-------+-------+-------+-------+-------+----------------------
         Total | 100.0 | 100.0 |   7.0 |  39.0 |  26.6 | 1325.5
       Dungeon |  34.7 |  33.8 |   9.3 |  29.5 |  36.3 | 1136.0
        Temple |   0.1 |   0.1 |  27.7 |   0.0 |  58.8 |  34.0
          Lair |  23.2 |  22.3 |  10.6 |  40.7 |  27.9 | 1873.8
         Swamp |  13.3 |  14.0 |   2.0 |  50.2 |  23.6 | 1761.2
   Spider Nest |  14.3 |  14.8 |   3.7 |  46.8 |  15.9 | 1866.2
  Orcish Mines |   5.1 |   5.3 |   3.8 |  41.3 |  22.9 | 1335.0
        Vaults |   5.6 |   5.6 |   6.1 |  41.7 |  19.4 | 1420.0
         Abyss |   0.6 |   0.6 |   0.0 |   5.3 |   0.0 | 300.0
        Bazaar |   0.2 |   0.2 |   0.0 |   0.0 |   0.0 | 101.0
      Ice Cave |   1.3 |   1.4 |   0.0 |  29.1 |   3.1 | 709.0
      Gauntlet |   1.7 |   1.8 |   0.0 |  54.5 |   0.0 | 923.0
               +-------+-------+-------+-------+-------+----------------------

Levels and vault maps discovered:
D:1:      elethiomel_arrival_maze, layout_basic, corexii_hall_statues_l
D:2:      layout_rooms, lemuel_coloured_pillars_altar, bloody_trog,
          minmay_pentomino_x2, uniq_jessica
D:3:      layout_rooms, grunt_temple_overflow_forces_of_nature,
          nicolae_overflow_crystal_walls, first_ration, kennysheep_potato
D:4:      layout_gridville
D:5:      layout_rooms, kennysheep_mini, old_standard_altar, chequers_jeans,
          minmay_fire_ice_demons, uniq_pikel
D:6:      kennysheep_kobold_camp, layout_loops_corners,
          minmay_temple_entry_grid, uniq_sigmund
D:7:      layout_rooms, lemuel_doored_altar, serial_curves, eino_curves_04,
          eino_curves_04, fedhas_altar_1
D:8:      layout_basic, eat_drink_and_be_merry_uskayaw,
          grunt_lair_entry_orc_guard_hut
D:9:      layout_loops_ring, makhleb_heckhound_becter, lemuel_round_altar,
          old_standard_altar, kennysheep_little_box, kiku_gazebo_pond_becter,
          lemuel_crystal_altar
D:10:     layout_stronghold, david_orc_2, serial_shops, nicolae_shop_crystal,
          serial_column_ruins, column_ruins_open_tiny, column_ruins_open_tiny,
          column_ruins_corridor_dead_end, the_bakery,
          nrook_guardian_serpent_ordinary
D:11:     cheibrodos_grave_circle, layout_loops_ring, centaur_isle
D:12:     layout_gridville, minmay_stone_trees_small
D:13:     layout_big_octagon, basic_altar
D:14:     layout_roguey, ximxim_vaults_locker_room, hangedman_decor_points,
          serial_shops, shop_coins
D:15:     hangedman_depths_entry_civil_slaughter, layout_cave_pods,
          serial_shops, bzr_entry_islet
Temple:   corrupted_temple
Lair:1:   layout_gridlike
Lair:2:   layout_cave_pods, swamp_mist_pool, gauntlet_entry_generic, basic_altar
Lair:3:   cheibrodos_lair_river_kwai, layout_cave_pods
Lair:4:   layout_layer_cave, spider_nest_entry_web_field, serial_bayou_shore_a,
          lemuel_fruit_tree
Lair:5:   layout_big_grid, minmay_slime_entry_pillars, serial_bayou_ford_a,
          lemuel_centaur_altar
Lair:6:   minmay_lair_end_enchanted_forest, layout_small_grid,
          serial_bayou_shore_b, lemuel_fruit_fields
Swamp:1:  layout_basic_swamp, hangedman_swamp_ruin_wall, uniq_louise,
          uniq_frances
Swamp:2:  layout_basic_swamp, nicolae_swamp_dense_foliage, uniq_jorgrun
Swamp:3:  layout_basic_swamp, ebering_ghost_funeral_grove,
          evilmike_swamp_ruin_house_4
Swamp:4:  swamp_basic_johnstein, layout_basic_swamp, uniq_donald
Spider:1: layout_spider_delve, guppyfry_spider_mini_2
Spider:2: layout_spider_delve
Spider:3: layout_spider_delve
Spider:4: grunt_spider_rune_circles
Orc:1:    layout_caves, portal_ice_cave_demonic_guard, rock_pile
Orc:2:    grunt_orc_cross, layout_caves, gammafunk_ghost_stat_death,
          uniq_erolcha, uniq_maurice
Vaults:1: vaults_room_fours, vaults_mumra_minichess_inversion,
          ontoclasm_vaults_twist, v_rooms_5, dpeg_vaults_monster_box,
          ontoclasm_vaults_ligature, vaults_dpeg_diagonal,
          vaults_dpeg_encased_lava, grunt_vaults_swirl,
          nicolae_vaults_three_branches, layout_vaults_ring, serial_shops,
          nicolae_shop_behind_doors
Vaults:2: nicolae_vaults_what_the_h, vaults_room_hangedman_quadrants,
          vaults_room_pool, nicolae_vaults_windows_and_doors_thing,
          nicolae_vaults_little_ls, layout_vaults_big_room,
          portal_desolation_entry_ruin
